 Dungeon Crawl Stone Soup version 0.31-a0-1144-g99969ba1bc (webtiles) character file.

Game seed: 16246015213681753338

138 zero the Changeling (level 5, -4/41 HPs)
             Began as a Merfolk Shapeshifter on Dec 6, 2023.
             Slain by an orc
             ... wielding a +0 war axe
              (5 damage)
             ... on level 3 of the Dungeon.
             The game lasted 00:03:30 (2723 turns).

zero the Changeling (Merfolk Shapeshifter)          Turns: 2723, Time: 00:03:30

Health: -4/41      AC:  7    Str: 17    XL:     5   Next: 21%
Magic:  5/5        EV:  7    Int:  9    God:
Gold:   132        SH:  0    Dex: 13    Spells: 4/4 levels left

rFire   . .          .
                       - Unarmed
rCold   . . .        (no shield)
rNeg    . . .        a - +1 scale mail
rPois   .            k - melded +0 helmet
rElec   .            (cloak currently unavailable)
rCorr   +            (gloves currently unavailable)
SInv    .            e - melded +0 pair of boots
Will    .....        (no amulet) Stlth
                     i - ring of resist corrosion
HPRegen 0.26/turn    p - ring of wizardry
MPRegen 0.09/turn

%: wizardry (x1)
@: beast-form, constricted
A: beast (slay +2), (nimble swimmer 2), mertail
a: Begin Untransformation


You were on level 3 of the Dungeon.
You were a hulking beast.
You visited 1 branch of the dungeon, and saw 3 of its levels.

You collected 186 gold pieces.
You spent 54 gold pieces at shops.

Inventory:

Armour
 a - a +1 scale mail (worn)
 e - a +0 pair of boots (melded)
 k - a +0 helmet (melded)
Jewellery
 i - a ring of resist corrosion (left hand)
 p - a ring of wizardry (right hand)
Talismans
 c - a beast talisman (active)
 d - a flux talisman
Wands
 l - a wand of iceblast (14)
Scrolls
 g - a scroll of identify
 h - a scroll of fear
 s - a scroll of noise
Potions
 b - a potion of lignification
 f - a potion of heal wounds {unknown}
 n - 2 potions of haste
 o - 2 potions of berserk rage


   Skills:
 * Level 3.4 Fighting
 + Level 3.9 Dodging
 + Level 4.0 Unarmed Combat
 + Level 4.8 Shapeshifting


You had 4 spell levels left.
You didn't know any spells.
Your spell library contained the following spells:

 Spells                   Type           Power      Damage    Failure   Level
 Foxfire                  Conj/Fire      0%         2x1d4     50%         1
 Plasma Beam              Fire/Air       0%         2x1d10    100%        6
 Starburst                Conj/Fire      0%         6d3       100%        6


Dungeon Overview and Level Annotations

Branches:
Dungeon (3/15)

Altars:

Shops:
D:2 *   D:3 *


Innate Abilities, Weirdness & Mutations

You are a hulking beast.
Your limbs bulge with bestial killing power. (Slay +2)
((You are very nimble when in or above water. (Stealth+, EV+, Speed+++)))
Your lower body shifts to a powerful aquatic tail in water.


Message History

The gnoll is severely wounded.
The gnoll hits you with a +0 halberd!
You punch the gnoll!
You kill the gnoll! 2 orcs come into view.
Found 12 gold pieces.
The orc shouts!
The orc wizard casts a spell at you. The magic dart hits you.
You barely miss the orc. The orc barely misses you.
A ball python comes into view.
You feel less confused.
You closely miss the orc.
The ball python hisses angrily.
The orc wizard misses you. The orc hits you but does no damage.
You barely miss the orc wizard.
The orc wizard points at you and mumbles some strange words.
The magic dart hits you. The orc hits you with a +0 war axe.
You hit the orc wizard.
The orc wizard is heavily wounded.
The orc wizard hits you but does no damage.
You hit the orc wizard.
The orc wizard is heavily wounded.
The orc wizard barely misses you. The orc hits you but does no damage.
The gnoll shouts!
You hit the orc wizard but do no damage.
The orc wizard is heavily wounded.
The orc wizard hits you with a +0 dagger of holy wrath.
The orc hits you but does no damage.
You closely miss the orc. The orc hits you with a +4 hand axe!
* * * LOW HITPOINT WARNING * * *
The orc wizard casts a spell at you. The magic dart hits you.
* * * LOW HITPOINT WARNING * * *
The orc hits you with a +0 short sword.
* * * LOW HITPOINT WARNING * * *
The ball python bites you but does no damage.
The ball python grabs you. The ball python constricts you.
The orc hits you with a +0 war axe.
You die...

........................#...
............................
.................##.....#...
............................
...........................#
........)...................
............................
........woo.................
.........oh.................
$........So.................
#####....#..................
#....#..................
......#.....g............
.......#..................
.......#........#######...
.......#........# .......
#........# .......


You could see a worm, an orc wizard, a gnoll, 3 orcs and a ball python.

Vanquished Creatures
  3 gnolls
  3 adders
  3 worms (D:2)
  4 dart slugs
  An orc (D:3)
  4 ball pythons
  3 endoplasms
  5 giant cockroaches
  3 goblins (D:2)
  4 hobgoblins
  7 jackals
  7 kobolds
  2 quokkas (D:2)
  5 bats
  2 frilled lizards (D:2)
  6 rats
62 creatures vanquished.

Notes
Turn   | Place    | Note
-------+----------+-------------------------------------------
     0 | D:1      | zero the Merfolk Shapeshifter began the quest for the Orb.
     0 | D:1      | Reached XP level 1. HP: 15/15 MP: 1/1
   189 | D:1      | Reached XP level 2. HP: 21/21 MP: 2/2
   418 | D:1      | Found a faded altar of an unknown god.
   778 | D:1      | Reached XP level 3. HP: 27/27 MP: 3/3
  1524 | D:2      | Reached XP level 4. HP: 31/34 MP: 4/4
  1628 | D:2      | Found Fufov's General Store.
  1631 | D:2      | Bought a scroll of noise for 11 gold pieces
  2084 | D:3      | Found Billesum's Assorted Antiques.
  2088 | D:3      | Bought a scroll labelled KUOKLITALI for 23 gold pieces
  2088 | D:3      | Bought a murky coppery potion for 20 gold pieces
  2351 | D:2      | Reached XP level 5. HP: 35/41 MP: 5/5
  2723 | D:3      | HP: 1/41 [orc/+0 short sword (2)]
  2723 | D:3      | Slain by an orc

Illustrated notes

Levels and vault maps discovered:
D:1:      lightli_iron_boxes, layout_loops_corners, basic_ecumenical_altar
D:2:      layout_basic, serial_shops, nicolae_shop_behind_doors,
          grunt_decor_junction, serial_bayou_pond_d
D:3:      layout_basic, serial_shops, nicolae_shop_crystal

Skill      XL: |  1  2  3  4  5 |
---------------+----------------+-----
Dodging        | 3 |  3.9
Fighting       | 2 3 |  3.4
Unarmed Combat | 4 |  4.0
Shapeshifting  | |  4.8

Action                     |  1- 3 |  4- 6 || total
---------------------------+-------+-------++-------
  Melee: Unarmed           |   104 |    82 ||   186
         Punch             |     2 |     2 ||     4
Ability: Begin Untransform |     1 |     1 ||     2
    Use: Scroll            |       |    11 ||    11
 Armour: Animal skin       |     3 |       ||     3
         Ring mail         |    59 |    15 ||    74
         Skin              |     2 |       ||     2
         Scale mail        |       |    38 ||    38
  Dodge: Dodged            |    76 |    45 ||   121
   Form: Beast             |     1 |     1 ||     2

Table legend: (Time is in decaauts)
 A = Elapsed time spent in this place.
 B = Non-inter-level travel time spent in this place.
 C = Inter-level travel time spent in this place.
 D = Time resting spent in this place.
 E = Time spent auto-exploring this place.
 F = Levels seen in this place.
 G = Mean time per level.
                   A        B        C        D        E       F      G
               +--------+--------+--------+--------+--------+-----+--------+
         Total |   2707 |   2517 |    190 |    364 |   1596 |   3 |  902.3 |
       Dungeon |   2707 |   2517 |    190 |    364 |   1596 |   3 |  902.3 |
               +--------+--------+--------+--------+--------+-----+--------+

Top non-repeatable levels by time:
     D:2: 1245 daAuts
     D:1: 898 daAuts
     D:3: 563 daAuts
